AoeStats
← Bo Xilai stan

Hideout

509292717Analyzed
1v1 RM · 5d ago on Sep 26, 2026· 47m 4s· 2 players
Game mode
Random Map
Map size
Tiny (2 player)
Population
200
Speed
Normal
Resources
Standard
Victory
Conquest
Starting age
Dark Age
Ending age
Imperial Age
RankedLock teamsTeams togetherTeam positionsShared explorationLock speedFull tech treeHidden civsTurbo modeCheats
Victory
Defeat
🇻🇳 Vikings · Vietnam
1025
+15
🇺🇸 Danes · United States
1014
-15
Bo Xilai stan
9:29 Feudal Age
7:48 Loom
16:04 Castle Age
19:06 Double-Bit Axe
23:43 Horse Collar
25:04 Town Watch
25:57 Wheelbarrow
25:15 Stone Mining
25:17 Gold Mining
27:02 Town Patrol
27:41 Arson
27:57 Squires
27:44 Gambesons
32:29 Imperial Age
31:39 Hand Cart
31:38 Bow Saw
32:40 Forging
33:09 Heavy Plow
35:49 Iron Casting
35:14 Scale Mail Armor
34:54 Elite Varangian Guard
35:38 Capped Ram
36:14 Hamask
38:42 Siege Ram
40:19 Onager
41:48 Elite Jomsviking
44:29 Murder Holes
44:55 Ballistics
44:21 Arrowslits
lastsamurai199047
9:30 Feudal Age
11:16 Double-Bit Axe
15:32 Castle Age
21:33 Squires
21:19 Arson
21:49 Forging
21:40 Scale Mail Armor
24:53 Horse Collar
25:31 Bow Saw
28:17 Heavy Plow
28:09 Gold Mining
28:11 Stone Mining
32:50 Imperial Age
30:06 Town Watch
30:08 Loom
31:09 Chain Mail Armor
31:51 Gold Shaft Mining
34:39 Iron Casting
34:35 Plate Mail Armor
34:34 Elite Varangian Guard
36:21 Two-Man Saw
37:02 Blast Furnace
37:02 Conscription
36:49 Chieftains
41:16 Crop Rotation
Connection lost

Rejoining the realm…

Still unreachable

The connection could not be restored.

Session expired

The server has moved on; the page needs a fresh start.